 Dungeon Crawl Stone Soup version 0.23.2-40-g277498a001 (webtiles) character file.

Game seed: 5228731743069780482

211 DildoBatman the Conjurer (level 5, -1/35 HPs)
             Began as a Demonspawn Wizard on Aug 16, 2019.
             Slain by an orc wizard
             ... wielding a +0 dagger
              (2 damage)
             ... on level 4 of the Dungeon.
             The game lasted 00:10:29 (3513 turns).

DildoBatman the Conjurer (Demonspawn Wizard)        Turns: 3513, Time: 00:10:30

Health: -1/35      AC:  4    Str: 11    XL:     5   Next: 57%
Magic:  0/9        EV: 12    Int: 21    God:
Gold:   177        SH:  0    Dex: 11    Spells: 3/10 levels left

rFire    . . .     SeeInvis .   b - +0 dagger (drain)
rCold    . . .     Gourm    .   (no shield)
rNeg     . . .     Faith    .   n - +0 robe
rPois    .         Spirit   +   r - +0 helmet
rElec    .         Reflect  .   (no cloak)
rCorr    .         Harm     .   y - +0 pair of gloves
MR       .....                  (no boots)
Stlth    ++........             (no amulet)
HPRegen  0.11/turn              l - +4 ring of strength
MPRegen  0.11/turn              o - ring of wizardry

@: no status effects
A: magic shield, rot immunity
a: no special abilities


You were on level 4 of the Dungeon.
You were not hungry.

You visited 1 branch of the dungeon, and saw 4 of its levels.

You collected 177 gold pieces.

Inventory:

Hand Weapons
 a - a +0 hunting sling
 b - a +0 dagger of draining (weapon)
Missiles
 d - 64 stones (quivered)
 j - 76 bolts
 p - 40 arrows
Armour
 n - a +0 robe (worn)
 r - a +0 helmet (worn)
 y - a +0 pair of gloves (worn)
Jewellery
 l - a +4 ring of strength (left hand)
 o - a ring of wizardry (right hand)
Scrolls
 e - 6 scrolls of identify {unknown}
 i - 2 scrolls of remove curse {unknown}
 k - 2 scrolls of teleportation {unknown}
 q - a scroll of magic mapping {unknown}
 s - a scroll of random uselessness {unknown}
 x - a scroll of fear {unknown}
 z - a scroll of immolation {unknown}
Potions
 c - a potion of might {unknown}
 f - a potion of degeneration {unknown}
 g - a potion of magic {unknown}
 h - 3 potions of heal wounds {unknown}
 u - a potion of curing {unknown}
 w - a potion of agility {unknown}
Comestibles
 v - 4 rations


   Skills:
 - Level 1.7 Dodging
 - Level 1.7 Stealth
 - Level 3.0 Spellcasting
 * Level 5.6 Conjurations
   Level 1.0 Summonings
   Level 0.8 Translocations


You had 3 spell levels left.
You knew the following spells:

 Your Spells              Type           Power        Failure   Level  Hunger
a - Conjure Flame         Conj/Fire      ##......     5%          3    ###....
c - Magic Dart            Conj           ####         1%          1    None
e - Mephitic Cloud        Conj/Pois/Air  ##......     8%          3    ###....

Your spell library contained the following spells:

 Spells                   Type           Power        Failure   Level  Hunger
 Call Imp                 Summ           #.......     5%          2    ##.....
 Blink                    Tloc           N/A          6%          2    ##.....
 Slow                     Hex            #.......     9%          2    ##.....


Dungeon Overview and Level Annotations

Branches:
Dungeon (4/15)
 Temple: D:4-7

Altars:
Qazlal
Xom
The Shining One

Annotations:
D:4 exclusion: water elemental, Ijyb


Innate Abilities, Weirdness & Mutations

When hurt, damage is shared between your health and your magic reserves.
You are immune to rotting.


Message History

The orc wizard gestures at you while chanting.
The magic dart hits you. The orc hits you but does no damage.
The orc wizard hits you with a cursed -3 morningstar!
You closely miss the orc wizard.
The orc wizard hits you but does no damage.
The orc barely misses you.
The orc wizard gestures at you while chanting.
The puff of frost hits you!
The orc wizard hits you with a cursed -3 morningstar.
The orc wizard closely misses you. The orc wizard barely misses you.
The orc wizard misses you.
All of the chunks of flesh in your inventory have rotted away.
You hit the orc wizard but do no damage.
The orc wizard hits you with a +0 dagger.
You hit the ogre.
The ogre is heavily wounded.
The orc wizard hits you with a +0 dagger.
You die...

### ###.## #....###
#oOa...# #@oo(..#
#####(## #.##.(.####
### ###.a.####.##.(#
#E#...#E#......#
####..o###......#
#..O....s...)...# .
.#...._..รท)....>.###.
..................#..


You could see an ogre, a worker ant (confused), 2 orc wizards and an orc.

Vanquished Creatures
  A scorpion (D:4)
  An iguana (D:4)
  4 adders
  3 worms
  A dart slug (D:2)
  3 leopard geckos
  21 orcs
  2 bats (D:1)
  2 giant cockroaches
  3 goblins
  8 hobgoblins
  5 jackals
  5 kobolds
  2 frilled lizards
  5 rats
66 creatures vanquished.

Notes
Turn   | Place    | Note
-------+----------+-------------------------------------------
     0 | D:1      | DildoBatman the Demonspawn Wizard began the quest for the
                  | Orb.
     0 | D:1      | Reached XP level 1. HP: 13/13 MP: 4/4
   386 | D:1      | Reached skill level 2 in Conjurations
   623 | D:1      | You fall through a shaft!
   903 | D:1      | Gained mutation: When hurt, damage is shared between your
                  | health and your magic reserves. [demonic ancestry]
   903 | D:1      | Reached XP level 2. HP: 19/19 MP: 3/6
  1689 | D:2      | Reached skill level 3 in Conjurations
  1698 | D:2      | Reached XP level 3. HP: 21/24 MP: 3/7
  1703 | D:2      | Learned a level 3 spell: Conjure Flame
  1707 | D:2      | Learned a level 3 spell: Mephitic Cloud
  1951 | D:2      | Found a glowing golden altar of the Shining One.
  2368 | D:3      | Reached XP level 4. HP: 23/30 MP: 8/8
  2424 | D:3      | Reached skill level 4 in Conjurations
  2903 | D:3      | Found a shimmering altar of Xom.
  3199 | D:4      | Noticed Ijyb
  3262 | D:4      | Found a stormy altar of Qazlal.
  3262 | D:4      | Noticed a fire elemental
  3263 | D:4      | Noticed an earth elemental
  3263 | D:4      | Noticed an air elemental
  3263 | D:4      | Noticed a water elemental
  3407 | D:4      | Reached skill level 5 in Conjurations
  3407 | D:4      | Gained mutation: You are immune to rotting. [demonic
                  | ancestry]
  3407 | D:4      | Reached XP level 5. HP: 35/35 MP: 1/9
  3498 | D:4      | Noticed an ogre
  3509 | D:4      | HP: 1/35 [orc wizard/cursed -3 morningstar (3)]
  3513 | D:4      | Slain by an orc wizard

Skill      XL: |  1  2  3  4 |
---------------+-------------+-----
Conjurations   | 2 3 5 |  5.6
Dodging        | |  1.7
Stealth        | |  1.7
Spellcasting   | |  3.0
Summonings     | |  1.0
Translocations | |  0.8

Action                   |  1- 3 |  4- 6 || total
-------------------------+-------+-------++-------
Melee: Unarmed           |    12 |       ||    12
       Dagger            |    10 |    10 ||    20
 Fire: Hunting sling     |    13 |    16 ||    29
Throw: Javelin           |    27 |    23 ||    50
 Cast: Magic Dart        |    67 |    67 ||   134
       Mephitic Cloud    |       |     3 ||     3
  Eat: Chunk             |     4 |     4 ||     8
Armor: Robe              |     2 |     7 ||     9
Dodge: Dodged            |    28 |    24 ||    52
